 Dungeon Crawl Stone Soup version 0.29.1-12-g30fa7ad0bf (webtiles) character file.

Game seed: 9571569078786746345

34 croobank the Conjurer (level 3, -1/24 HPs)
             Began as a Demonspawn Conjurer on Dec 25, 2022.
             Slain by an ogre
             ... wielding a +0 giant spiked club
              (11 damage)
             ... on level 3 of the Dungeon.
             The game lasted 00:04:20 (1967 turns).

croobank the Conjurer (Demonspawn Conjurer)         Turns: 1967, Time: 00:04:20

Health: -1/24      AC:  2    Str:  7    XL:     3   Next: 14%
Magic:  1/6        EV: 12    Int: 21    God:
Gold:   84         SH:  0    Dex: 11    Spells: 3/6 levels left

rFire   . . .      SeeInvis .   a - +0 short sword
rCold   . . .      Faith    .   (no shield)
rNeg    . . .      Spirit   .   c - +0 robe
rPois   .          Reflect  .   (no helmet)
rElec   .          Harm     .   (no cloak)
rCorr   .          Rampage  .   (no gloves)
Will    .....                   (no boots)
Stlth   ++........              (no amulet)
HPRegen 0.08/turn               (no ring)
MPRegen 0.10/turn               (no ring)

@: no status effects
A: claws 1
a: no special abilities


You were on level 3 of the Dungeon.
You visited 1 branch of the dungeon, and saw 3 of its levels.

You collected 84 gold pieces.

Inventory:

Hand Weapons
 a - a +0 short sword (weapon)
 b - a +0 sling
Missiles
 e - a throwing net
 f - 4 boomerangs
 g - 2 javelins
Armour
 c - a +0 robe (worn)
 n - the +3 ring mail of Moapiq {rN++ Int-5 SInv}
   (You found it on level 2 of the Dungeon)

   Int:       It affects your intelligence (-5).
   rN:        It greatly protects you from negative energy.
   SInv:      It lets you see invisible.
Scrolls
 d - a scroll of amnesia {unknown}
 i - a scroll of immolation
 j - a scroll of enchant armour {unknown}
 k - a scroll of teleportation {unknown}
 o - a scroll of enchant weapon {unknown}
 q - a scroll of identify {unknown}
Potions
 h - a potion of curing {unknown}
 l - a potion of lignification {unknown}
 m - a potion of magic
 p - 2 potions of heal wounds {unknown}


   Skills:
 + Level 2.2 Dodging
 + Level 2.3 Stealth
 + Level 2.4 Spellcasting
 + Level 4.2 Conjurations


You had 3 spell levels left.
You knew the following spells:

 Your Spells              Type           Power      Damage    Failure   Level
a - Magic Dart            Conj           80%        1d7       2%          1
b - Searing Ray           Conj           40%        2d5       3%          2

Your spell library contained the following spells:

 Spells                   Type           Power      Damage    Failure   Level
 Dazzling Flash           Conj/Hex       22%        N/A       19%         3
 Fulminant Prism          Conj/Hex       5%         3d7       52%         4
 Iskenderun's Mystic Bla  Conj/Tloc      11%        2d4       52%         4


Dungeon Overview and Level Annotations

Branches:
Dungeon (3/15)

Altars:


Innate Abilities, Weirdness & Mutations

You have sharp fingernails.


Message History

There is a stone staircase leading down here.
You climb downwards.
The orc priest shouts!
You hear a shout!
There is a stone staircase leading up here.
There are monsters nearby!
An ogre comes into view. It is wielding a +0 giant spiked club.
The ogre shouts!
A hobgoblin comes into view.
The ogre closely misses you.
The hobgoblin shouts!
Casting: Searing Ray (safe; 3% risk of failure)
Confirm with . or Enter, or press ? or * to list all spells.
Aiming: Searing Ray (safe; 3% risk of failure)
Press: ? - help, Shift-Dir - straight line, f - ogre
Aim: an ogre, wielding a +0 giant spiked club (89% to hit)
The searing ray hits the ogre!
The ogre is moderately wounded. (Press . to maintain the ray.)
The orc shouts!
An orc comes into view. It is wielding a +0 flail.
The searing ray hits the ogre!
The ogre is heavily wounded.
The searing ray hits the hobgoblin.
You kill the hobgoblin!
The ogre hits you with a +0 giant spiked club!
Ouch! That really hurt!
The searing ray hits the ogre.
The ogre is heavily wounded.
The ogre closely misses you.
The searing ray hits the ogre!
The ogre is almost dead.
You finish channelling your searing ray.
Casting: Searing Ray (safe; 3% risk of failure)
Confirm with . or Enter, or press ? or * to list all spells.
You don't have enough magic to cast this spell.
The ogre misses you.
You hit the ogre but do no damage.
The ogre is almost dead.
The ogre hits you with a +0 giant spiked club!
You die...

#.## ####
#..#....o
#......o.
#<# #.#
#o# #.#
#o# #@#
#O#
#.....#
#.....#
#..†..#
#.....#
#.....#
#......
#.......


You could see an ogre, an orc priest and an orc.

Vanquished Creatures
  A worm (D:2)
  A dart slug (D:2)
  2 bats (D:1)
  4 endoplasms
  A giant cockroach (D:1)
  A goblin (D:1)
  5 hobgoblins
  2 kobolds
  A quokka (D:2)
  4 ball pythons
  A frilled lizard (D:2)
  3 rats (D:2)
26 creatures vanquished.

Notes
Turn   | Place    | Note
-------+----------+-------------------------------------------
     0 | D:1      | croobank the Demonspawn Conjurer began the quest for the
                  | Orb.
     0 | D:1      | Reached XP level 1. HP: 13/13 MP: 3/3
   516 | D:1      | Gained mutation: You have sharp fingernails. [demonic
                  | ancestry]
   516 | D:1      | Reached XP level 2. HP: 19/19 MP: 1/5
   587 | D:1      | Found a faded altar of an unknown god.
   728 | D:1      | Learned a level 2 spell: Searing Ray
  1574 | D:2      | Identified the +3 ring mail of Moapiq {rN++ Int-5 SInv}
  1651 | D:2      | Reached XP level 3. HP: 24/24 MP: 1/6
  1955 | D:3      | Noticed an ogre
  1967 | D:3      | Slain by an ogre

Illustrated notes

Levels and vault maps discovered:
D:1:      lightli_molten_gateway, layout_basic,
          hellmonk_ecumenical_altar_blasted, glass_columns_a, roderic_lattice_a
D:2:      layout_basic, serial_glass, glass_columns_a, glass_columns_b,
          minmay_strange_pillars, minmay_strange_pillars, minmay_strange_pillars
D:3:      layout_rooms, grunt_temple_overflow_bloody_war,
          chequers_serial_rivers_marsh, minmay_quantized, uniq_terence

Skill      XL: |  1 |
---------------+----+-----
Dodging        | 2 |  2.2
Stealth        | 2 |  2.3
Spellcasting   | |  2.4
Conjurations   | |  4.2

Action                   || total
-------------------------++-------
Melee: Unarmed           ||     7
       Short sword       ||    28
 Cast: Magic Dart        ||    24
       Searing Ray       ||     7
 Stab: Sleeping          ||     3
Armor: Robe              ||    10
Dodge: Dodged            ||    41
